 Dungeon Crawl Stone Soup version 0.17-a0-470-g171ef40 (webtiles) character file.

421 Gunnerkreig the Magician (level 6, -2/37 HPs)
             Began as a High Elf Fire Elementalist on Apr 6, 2015.
             Was a Priest of Vehumet.
             Slain by a wraith (4 damage)
             ... in an ossuary.
             The game lasted 00:28:27 (4038 turns).

Gunnerkreig the Magician (HEFE)                     Turns: 4038, Time: 00:28:27

Health: -2/37      AC:  5    Str:  7    XL:     6   Next: 62%
Magic:  3/17       EV: 12    Int: 22    God:    Vehumet [***...]
Gold:   262        SH:  0    Dex: 15    Spells: 7 memorised, 5 levels left

rFire  . . .     SeeInvis .     h - +3 hand axe (venom)
rCold  . . .     Clarity  .     a - +0 robe (curse)
rNeg   . . .     SustAb   .     (no shield)
rPois  .         Gourm    .     n - +2 hat
rElec  .         Spirit   .     (no cloak)
rCorr  .         Warding  .     (no gloves)
rMut   .         Stasis   .     l - +0 pair of boots
MR     .....                    k - amulet of faith
Stlth  ++........               (no ring)
                                (no ring)

@: slowed, very slow, not resistant to hostile enchantments, unstealthy
A: no striking features
a: Renounce Religion


You were in an ossuary.
You worshipped Vehumet.
Vehumet was most pleased with you.
You were full.

You visited 1 branch of the dungeon, and saw 4 of its levels.
You also visited: Ossuary.

You collected 262 gold pieces.

Inventory:

Hand weapons
 h - a +3 hand axe of venom (weapon)
 j - a +0 dagger
Missiles
 m - 27 stones (quivered)
Armour
 a - a cursed +0 robe (worn)
 g - a +1 helmet
 l - a +0 pair of boots (worn)
 n - a +2 hat (worn)
Jewellery
 k - an amulet of faith (around neck)
Scrolls
 e - a scroll of remove curse
 o - 3 scrolls of identify
 q - 2 scrolls of immolation
Potions
 r - a potion of ambrosia
Books
 b - a book of Flames

   Spells                             Type                      Level
   a - Flame Tongue                   Conjuration/Fire             1
   b - Throw Flame                    Conjuration/Fire             2
   c - Conjure Flame                  Conjuration/Fire             3
   d - Inner Flame                    Hexes/Fire                   3
   e - Sticky Flame                   Conjuration/Fire             4
   f - Fireball                       Conjuration/Fire             5
Comestibles
 f - 8 fruits


   Skills:
 - Level 0.4 Fighting
 - Level 2.1 Dodging
 - Level 2.1 Stealth
 * Level 7.1 Spellcasting
 - Level 1.1 Conjurations
 + Level 4.3 Fire Magic


You had 5 spell levels left.
You knew the following spells:

 Your Spells              Type           Power        Failure   Level  Hunger
a - Flame Tongue          Conj/Fire      ###..        1%          1    None
b - Throw Flame           Conj/Fire      ###...       1%          2    None
c - Conjure Flame         Conj/Fire      ###.....     3%          3    None
d - Sticky Flame          Conj/Fire      ###.....     10%         4    ###....
e - Sandblast             Erth           #.....       2%          1    None
f - Sting                 Conj/Pois      ##..         2%          1    None
g - Searing Ray           Conj           ##....       2%          2    None


Dungeon Overview and Level Annotations

Branches:
Dungeon (4/15)
 Temple: D:4-7

Altars:
Fedhas
Vehumet
Zin
The Shining One


Message History

The wraith closely misses you. The wraith hits you.
* * * LOW HITPOINT WARNING * * *
Casting: Sticky Flame
Confirm with . or Enter, or press ? or * to list all spells.
Aiming: Sticky Flame
Press: ? - help, Shift-Dir - straight line, f/p - wraith
Aim: a wraith (lightly damaged)
The sticky flame hits the wraith.
The wraith appears unharmed.
The wraith is lightly damaged.
The wraith closely misses you.
Casting: Sticky Flame
Confirm with . or Enter, or press ? or * to list all spells.
Aiming: Sticky Flame
Press: ? - help, Shift-Dir - straight line, f/p - wraith
Aim: a wraith (lightly damaged)
The sticky flame hits the wraith.
The wraith appears unharmed.
The wraith is lightly damaged.
The wraith hits you but does no damage. The wraith hits you.
You die...

..##....,....##......#
.##...#####...##.....#
##...##...##...##....#
#...##.!...##...#....#
'...#..!?!..'...'....#
#...##.!?!.##...#....#
##...##...##...##....#
.##...#####...##W....#
..##.........##.@....#
...#####+#####.......#
...................∩.#
.....................#
#######'''############
####...####
#..'...'..#
#..#...#..#
####...####


You could see a wraith.

Vanquished Creatures
  Eustachio (D:4)
  Blork the orc (D:4)
  A worker ant (D:4)
  A mummy (Ossuary)
  7 adders
  A gnoll (D:4)
  2 worms
  2 giant geckos
  2 orcs (D:3)
  6 giant cockroaches
  9 goblins
  8 hobgoblins
  3 ball pythons
  12 bats
  2 giant newts
  4 gnoll skeletons (Ossuary)
  4 jackals
  5 kobolds
  4 kobold skeletons (Ossuary)
  17 orc skeletons (Ossuary)
  16 rats
108 creatures vanquished.

Notes
Turn   | Place    | Note
--------------------------------------------------------------
     0 | D:1      | Gunnerkreig, the High Elf Fire Elementalist, began the quest for the Orb.
     0 | D:1      | Reached XP level 1. HP: 11/11 MP: 4/4
    18 | D:1      | Upgraded the game from 0.17-a0-465-g279efb6 to 0.17-a0-470-g171ef40
   204 | D:1      | Reached XP level 2. HP: 17/17 MP: 2/7
  1010 | D:2      | Found a radiant altar of Vehumet.
  1025 | D:2      | Became a worshipper of Vehumet
  1137 | D:2      | Reached skill level 4 in Spellcasting
  1176 | D:2      | Reached XP level 3. HP: 9/21 MP: 4/9
  1722 | D:2      | Acquired Vehumet's first power
  1722 | D:2      | Offered knowledge of Sandblast by Vehumet.
  1722 | D:2      | Reached XP level 4. HP: 25/27 MP: 5/11
  1726 | D:2      | Learned a level 2 spell: Throw Flame
  1730 | D:2      | Learned a level 3 spell: Conjure Flame
  1735 | D:2      | Learned a level 4 spell: Sticky Flame
  1888 | D:2      | Reached skill level 5 in Spellcasting
  2221 | D:2      | Learned a level 1 spell: Sandblast
  2227 | D:2      | Found a blossoming altar of Fedhas.
  2230 | D:2      | Found a glowing silver altar of Zin.
  2590 | D:3      | Offered knowledge of Sting by Vehumet.
  2593 | D:3      | Learned a level 1 spell: Sting
  2663 | D:3      | Found a glowing golden altar of the Shining One.
  2841 | D:3      | Reached XP level 5. HP: 32/32 MP: 8/14
  3507 | D:4      | Noticed Eustachio
  3530 | D:4      | Killed Eustachio
  3530 | D:4      | Reached skill level 6 in Spellcasting
  3530 | D:4      | Reached XP level 6. HP: 26/37 MP: 1/16
  3538 | D:4      | Noticed Blork the orc
  3691 | D:4      | Killed Blork the orc
  3691 | D:4      | Reached skill level 7 in Spellcasting
  3722 | D:4      | Found a sand-covered staircase.
  3730 | Ossuary  | Entered an ossuary
  3730 | Ossuary  | Noticed a wraith
  3730 | Ossuary  | Noticed a wraith
  3730 | Ossuary  | Noticed a wraith
  3793 | Ossuary  | Offered knowledge of Searing Ray by Vehumet.
  3797 | Ossuary  | Learned a level 2 spell: Searing Ray
  3870 | Ossuary  | Acquired Vehumet's second power
  4004 | Ossuary  | Noticed a wraith
  4036 | Ossuary  | HP: 1/37 [wraith (5)]
  4038 | Ossuary  | Slain by a wraith

Action                   |  1- 3 |  4- 6 || total
-------------------------+-------+-------++-------
Melee: Unarmed           |     5 |       ||     5
       Hand axe          |     2 |     4 ||     6
 Cast: Flame Tongue      |    84 |   111 ||   195
       Throw Flame       |       |    30 ||    30
       Sting             |       |     8 ||     8
       Sandblast         |       |     1 ||     1
       Sticky Flame      |       |     3 ||     3
       Conjure Flame     |       |     1 ||     1
  Use: Scroll            |     3 |     9 ||    12
       Potion            |     3 |     8 ||    11
  Eat: Chunk             |     1 |     1 ||     2
       Fruit             |     1 |       ||     1
       Bread ration      |       |     1 ||     1
       Beef jerky        |       |     1 ||     1
       Meat ration       |       |     1 ||     1
